Map: Honorgrounds LE

Players

Musumeci - Winner!

  • Race: Zerg Zerg
  • League: Diamond
  • Spawn Location: 7:00

MichyMoko

  • Race: Zerg Zerg
  • Spawn Location: 1:00

VOD

Have the link to the VOD?

Description

Time

  • Played on: March 19, 2017, 9:18 a.m.
  • Length: 7:32
Show
View Real Time Build Order
Export as new Build Order

Musumeci Zerg - Winner!

Build Orders: Pool First, Zergling Baneling 

Get SALT Encoding   

  12  0:02  Drone  
  13  0:12  Drone  
  14  0:17  Overlord  
  14  0:24  Extractor  
  14  0:25  Drone  
  15  0:35  Drone  
  15  0:40  Drone  
  17  0:44  Extractor  
  17  0:45  Drone  
  17  0:53  Spawning Pool  
  16  0:57  Drone  
  17  1:06  Drone  
  18  1:26  Hatchery  
  17  1:40  Queen  
  19  1:49  Metabolic Boost  
  19  1:54  Drone  
  20  2:03  Drone x2  
  22  2:09  Baneling Nest  
  22  2:13  Zergling x2  
  22  2:31  Overlord  
  22  2:42  Zergling x6  
  22  2:43  Queen  
  27  2:58  Zergling x6  
  27  2:59  Zergling x2  
  31  3:22  Baneling x2  
  31  3:30  Zergling x10  
  36  3:35  Baneling x2  
  28  4:05  Zergling x12  
  34  4:16  Roach Warren  
  32  4:24  Baneling  
  32  4:25  Baneling  
  32  4:27  Zergling x8  
  35  4:32  Baneling x2  
  35  4:34  Baneling  
  31  4:58  Baneling x2  
  31  4:59  Zergling x10  
  35  5:04  Overlord x2  
  28  5:45  Zergling x2  
  28  5:46  Zergling x24  
  38  6:15  Zergling x18  
  44  6:35  Zergling x2  
  44  6:36  Zergling x6  
  46  6:47  Zergling x4  
  41  7:02  Zergling x12  
  44  7:11  Zergling x4  
Show
View Real Time Build Order
Export as new Build Order

MichyMoko Zerg 

Build Orders: Pool First 

Get SALT Encoding   

  12  0:01  Drone  
  13  0:14  Overlord  
  13  0:17  Drone  
  14  0:32  Drone x2  
  16  0:37  Drone  
  17  0:47  Spawning Pool  
  16  0:50  Drone  
  16  0:54  Extractor  
  16  0:59  Drone  
  17  1:22  Hatchery  
  16  1:27  Drone x2  
  18  1:40  Queen  
  18  1:45  Zergling x2  
  21  1:58  Zergling x2  
  21  1:59  Overlord  
  22  2:33  Roach Warren  
  22  2:34  Queen  
  22  2:36  Drone x3  
  26  2:50  Queen  
  28  2:56  Drone x2  
  30  3:19  Roach  
  34  3:20  Roach x2  
  34  3:21  Overlord x2  
  23  4:08  Drone  
  23  4:09  Drone x5  
  29  4:19  Queen  
  29  4:20  Zergling x2  
  29  4:21  Zergling x4  
  24  5:15  Drone x7  
  29  5:24  Queen  
  26  5:40  Drone  
  26  5:41  Drone x3  
  23  5:54  Drone x5  
  21  6:15  Drone x4  
  25  6:36  Zergling x8  
  26  6:43  Zergling x2  
  14  6:55  Drone  
  14  6:57  Drone  
Tags
 
League
Diamond
Matchup
ZvZ
Race
Zerg
Replay Pack
replay pack
Spawn Locations
Cross Positions
Add a new tag
Caveats
  • Supply blocks, unpowered buildings, or Contaminate may cause inaccurate times.
  • Supply counts are checked every 10 seconds.